 Dungeon Crawl Stone Soup version 0.23-a0-550-g7de1f8e (webtiles) character file.

253 RoseArtemis the Ruffian (level 5, -2/79 HPs)
             Began as a Troll Monk on Dec 8, 2018.
             Slain by an orc wizard
             ... wielding a +1 dagger of venom
              (3 damage)
             ... on level 4 of the Dungeon.
             The game lasted 00:03:29 (1790 turns).

RoseArtemis the Ruffian (Troll Monk)                Turns: 1790, Time: 00:03:29

Health: -2/79      AC:  5    Str: 24    XL:     5   Next: 90%
Magic:  4/4        EV: 11    Int:  6    God:
Gold:   103        SH:  0    Dex: 13    Spells: 4/4 levels left

rFire    . . .     SeeInvis .     - Unarmed
rCold    . . .     Gourm    +   (no shield)
rNeg     . . .     Faith    .   a - +0 robe
rPois    .         Spirit   .   (helmet restricted)
rElec    .         Reflect  .   (no cloak)
rCorr    .         Harm     .   (gloves unavailable)
MR       .....                  (boots unavailable)
Stlth    ..........             (no amulet)
HPRegen  0.63/turn              (no ring)
MPRegen  0.09/turn              (no ring)

@: berserking, very quick
A: large, unfitting armour, claws 3, fast metabolism 3, gourmand, regeneration
1, shaggy fur 1, tough skin 2
a: no special abilities


You were on level 4 of the Dungeon.
You were completely stuffed.

You visited 1 branch of the dungeon, and saw 4 of its levels.

You collected 103 gold pieces.

Inventory:

Missiles
 i - 8 large rocks (quivered)
Armour
 a - a +0 robe (worn)
Wands
 l - a wand of clouds (9)
Scrolls
 e - 2 scrolls of identify
 f - a scroll of remove curse
 g - a scroll of fear {unknown}
Potions
 c - 2 potions of degeneration
 j - a potion of heal wounds {unknown}
 k - a potion of ambrosia {unknown}
 m - a potion of cancellation {unknown}
Comestibles
 b - 6 rations
 d - 6 chunks of flesh


   Skills:
 + Level 3.3 Fighting
 + Level 1.3 Throwing
 + Level 3.3 Dodging
 - Level 1.0 Stealth
 * Level 4.9 Unarmed Combat


You had 4 spell levels left.
You didn't know any spells.
Your spell library was empty.

Dungeon Overview and Level Annotations

Branches:
Dungeon (4/15)
 Temple: D:4-7

Altars:


Innate Abilities, Weirdness & Mutations

You are too large for most types of armour.
You have claws for hands.
Your metabolism is lightning-fast.
You like to eat raw meat.
Your natural rate of healing is unusually fast.
You are covered in fur. (AC +1)
You have very tough skin. (AC +2)


Message History

You scratch the orc priest but do no damage.
The quokka misses you.
The orc priest hits you with a +0 flail.
* * * LOW HITPOINT WARNING * * *
The orc wizard gestures at you while chanting.
The puff of flame hits you!
* * * LOW HITPOINT WARNING * * *
It was a potion of berserk rage.
A red film seems to cover your vision as you go berserk!
You feel yourself moving faster!
You feel mighty! The quokka closely misses you.
The orc priest hits you with a +0 flail.
* * * LOW HITPOINT WARNING * * *
The worker ant waves its antennae.
You are too berserk!
You mangle the orc priest!!
You kill the orc priest!
The quokka completely misses you.
The orc wizard hits you with a +1 dagger of venom.
You die...

.....##...<...#...###
...8.............##
.....#........<..# ..8.
#......#..#.#
....##...####.[#..#
..8..#...# #..##...
#.........###..## ....
...####..#.....###.##..
........r@...>..... ..
#####..o)o....###
.......a###..#
####.$..# ..## #....#
.# #..... ..##.# #..
..# ... ###


You could see a worker ant, an orc wizard, an orc and a quokka.

Vanquished Creatures
  A hound (D:4)
  An orc priest (D:4)
  A worker ant (D:4)
  4 gnolls (D:4)
  5 adders
  An ooze (D:2)
  An adder skeleton (D:4)
  3 dart slugs
  A worm (D:3)
  A leopard gecko (D:2)
  5 orcs
  2 ball pythons (D:3)
  6 bats
  2 giant cockroaches
  3 goblins
  7 hobgoblins
  4 jackals (D:1)
  3 quokkas
  10 frilled lizards
  5 kobolds
  6 rats
72 creatures vanquished.

Notes
Turn   | Place    | Note
-------+----------+-------------------------------------------
     0 | D:1      | RoseArtemis the Troll Monk began the quest for the Orb.
     0 | D:1      | Reached XP level 1. HP: 22/22 MP: 0/0
   104 | D:1      | Reached XP level 2. HP: 23/29 MP: 1/1
   581 | D:2      | Reached XP level 3. HP: 35/36 MP: 2/2
   658 | D:2      | Reached skill level 4 in Unarmed Combat
   839 | D:2      | Reached XP level 4. HP: 41/44 MP: 3/3
  1690 | D:4      | Reached XP level 5. HP: 49/53 MP: 4/4
  1699 | D:4      | Reached skill level 1 in Throwing
  1788 | D:4      | HP: 2/53 [orc wizard/puff of flame (2)]
  1790 | D:4      | Slain by an orc wizard

Vault maps used:
D:1:      dpeg_arrival_lava_altar, patterned_corridor
D:4:      yredelemnul_altar_generic, eat_drink_and_be_merry_uskayaw, uniq_robin

Skill      XL: |  1  2  3  4  5 |
---------------+----------------+-----
Unarmed Combat | 4 |  4.9
Fighting       | 3 |  3.3
Dodging        | 3 |  3.3
Throwing       | 1 |  1.3
Stealth        | |  1.0

Action                   |  1- 3 |  4- 6 || total
-------------------------+-------+-------++-------
Melee: Unarmed           |    78 |    90 ||   168
       Punch             |     1 |       ||     1
  Use: Scroll            |       |     2 ||     2
       Potion            |       |     1 ||     1
 Stab: Sleeping          |     1 |     4 ||     5
  Eat: Chunk             |    13 |     9 ||    22
Armor: Robe              |    36 |    21 ||    57
Dodge: Dodged            |    66 |    34 ||   100

Table legend:
 A = Non-vault XP
 B = Vault XP
 C = Vault XP percentage of total XP
 D = Non-vault monster count
 E = Vault monster count
 F = Vault count percentage of total count
                 A         B        C        D         E       F
            +---------+---------+-------+---------+---------+-------
      Total |     362 |       0 |   0.0 |      72 |       0 |   0.0
            +---------+---------+-------+---------+---------+-------
        D:1 |      33 |       0 |   0.0 |      19 |       0 |   0.0
        D:2 |      69 |       0 |   0.0 |      17 |       0 |   0.0
        D:3 |      67 |       0 |   0.0 |      24 |       0 |   0.0
        D:4 |     193 |       0 |   0.0 |      12 |       0 |   0.0
            +---------+---------+-------+---------+---------+-------
